Map: Nightshade LE

Players

ViBE

  • Race: Zerg Zerg
  • League: Grandmaster
  • Spawn Location: 11:00

A.I. 1 (Medium) - Winner!

  • Race: Terran Terran
  • Spawn Location: 5:00

VOD

Have the link to the VOD?

Description

Vibe's B2GM ZvT (if your opponent took a natural)

Time

  • Played on: May 8, 2020, 6:36 p.m.
  • Length: 7:59
Show
View Real Time Build Order
Export as new Build Order

ViBE Zerg 

Build Orders: Hatch First 

Get SALT Encoding   

  12  0:01  Drone  
  13  0:13  Overlord  
  13  0:19  Drone  
  14  0:31  Drone x2  
  16  0:38  Drone  
  17  0:52  Hatchery  
  17  0:55  Drone  
  17  0:58  Drone  
  18  1:11  Spawning Pool  
  17  1:14  Drone  
  19  1:18  Drone  
  19  1:29  Drone  
  19  1:31  Extractor  
  19  1:40  Overlord  
  19  1:58  Queen  
  19  2:00  Zergling x2  
  22  2:03  Zergling x2  
  22  2:04  Queen  
  22  2:05  Drone  
  26  2:13  Drone  
  27  2:22  Drone x2  
  29  2:27  Drone  
  30  2:32  Drone  
  30  2:34  Lair  
  30  2:36  Drone  
  32  2:39  Queen  
  32  2:43  Overlord  
  34  2:52  Overlord  
  34  2:54  Drone  
  35  3:00  Drone  
  36  3:06  Drone  
  36  3:07  Drone x2  
  36  3:09  Drone  
  36  3:11  Drone x3  
  43  3:17  Roach Warren  
  42  3:20  Drone  
  42  3:23  Extractor, Evolution Chamber, Drone  
  42  3:24  Extractor  
  41  3:30  Overlord  
  41  3:34  Drone  
  41  3:38  Drone  
  41  3:39  Drone x2  
  41  3:41  Drone  
  46  3:44  Drone x3  
  46  3:45  Drone  
  50  3:52  Zerg Missile Weapons Level 1  
  50  3:57  Glial Reconstitution  
  50  3:59  Overlord  
  52  4:02  Roach  
  52  4:03  Roach  
  54  4:10  Roach  
  56  4:21  Hatchery  
  56  4:22  Roach x3  
  61  4:31  Roach x3  
  67  4:34  Drone  
  67  4:35  Overlord  
  68  4:46  Overlord  
  68  4:51  Overlord  
  68  4:53  Drone  
  68  4:55  Drone  
  68  4:57  Drone  
  68  4:59  Queen  
  71  5:00  Drone  
  71  5:01  Drone x2  
  76  5:10  Drone x5  
  81  5:19  Extractor  
  81  5:20  Overlord  
  80  5:25  Drone  
  81  5:29  Drone x6  
  87  5:36  Drone x2  
  87  5:37  Drone  
  88  5:50  Drone x2  
  88  5:51  Drone  
  88  5:52  Extractor  
  88  5:53  Extractor  
  89  5:58  Drone x3  
  89  5:59  Drone  
  89  6:03  Overlord x2  
  93  6:09  Hatchery  
  92  6:13  Roach x6  
  104  6:23  Overlord x3  
  104  6:26  Overlord x3  
  104  6:31  Roach x5  
  114  6:39  Drone  
  115  6:40  Evolution Chamber  
  115  6:43  Drone  
  115  6:44  Roach  
  115  6:45  Roach x4  
  125  6:55  Roach  
  125  6:56  Roach x2  
  131  7:02  Roach x6  
  143  7:09  Roach  
  143  7:10  Roach x5  
  155  7:17  Roach x2  
  155  7:20  Overlord  
  159  7:26  Overlord x3  
  159  7:28  Roach x4  
  167  7:38  Roach x2  
  167  7:39  Roach x2  
Show
View Real Time Build Order
Export as new Build Order

A.I. 1 (Medium) Terran - Winner!

Build Orders:  

Get SALT Encoding   

  12  0:00  SCV  
  13  0:13  SCV  
  14  0:17  Supply Depot  
  14  0:25  SCV  
  15  0:39  SCV  
  16  0:43  Barracks  
  16  0:49  Refinery  
  16  0:51  SCV  
  17  1:03  SCV  
  18  1:15  Supply Depot  
  18  1:31  Marine  
  19  1:33  Barracks, Orbital Command  
  19  1:40  Refinery  
  19  1:50  Marine  
  19  1:51  Factory  
  20  2:09  Barracks Tech Lab  
  20  2:20  Marine  
  20  2:21  Supply Depot  
  21  2:28  Marine  
  22  2:37  Marine  
  23  2:45  SCV  
  23  2:46  Hellion  
  26  2:57  SCV  
  26  2:58  Engineering Bay  
  27  3:07  Hellion  
  27  3:09  Supply Depot, SCV  
  30  3:21  SCV  
  31  3:29  Hellion  
  31  3:33  SCV  
  34  3:45  SCV  
  35  3:50  Hellion  
  37  5:07  Barracks Tech Lab  
  37  5:08  SCV, Marauder  
  37  5:09  Factory Tech Lab, Factory  
  37  5:10  Supply Depot  
  37  5:12  Missile Turret  
  37  5:13  Missile Turret  
  40  5:19  Sensor Tower  
  40  5:20  SCV, Armory  
  41  5:23  Barracks  
  41  5:27  Starport  
  41  5:29  Reaper  
  41  5:31  Marine  
  41  5:34  Supply Depot  
  43  5:38  Bunker  
  38  5:50  Marauder  
  38  5:53  Factory Tech Lab  
  32  5:59  Command Center  
  32  6:00  Marine  
  33  6:05  Starport Tech Lab  
  33  6:10  Marine  
  34  6:11  Barracks Reactor  
  34  6:18  Marine  
  34  6:23  Raven  
  37  6:28  Marine  
  38  6:36  Marine  
  41  6:47  Marauder  
  41  6:49  Marine  
  42  6:58  Marauder  
  44  7:06  Raven  
  44  7:07  Reaper  
  47  7:12  SCV  
  47  7:14  Refinery, SCV  
  47  7:15  Marine  
  50  7:23  Missile Turret  
  50  7:24  SCV  
  50  7:26  Missile Turret  
  50  7:27  Refinery, SCV  
  52  7:36  SCV  
  53  7:39  SCV  
  54  7:46  Bunker  
Tags
 
Matchup
TvZ
Player
ViBE
Spawn Locations
Cross Positions
Add a new tag
Caveats
  • Supply blocks, unpowered buildings, or Contaminate may cause inaccurate times.
  • Supply counts are checked every 10 seconds.